 Dungeon Crawl Stone Soup version 0.29-a0-82-g837932c90e (webtiles) character file.

Game seed: 15567571922058873032

28 lordive the Sneak (level 2, 0/13 HPs)
             Began as a Spriggan Enchanter on Feb 5, 2022.
             Slain by Terence (5 damage)
             ... on level 2 of the Dungeon.
             The game lasted 00:01:39 (1048 turns).

lordive the Sneak (Spriggan Enchanter)              Turns: 1048, Time: 00:01:42

Health: 0/13       AC:  2    Str:  4    XL:     2   Next: 96%
Magic:  12/16      EV: 17    Int: 16    God:
Gold:   76         SH:  0    Dex: 15    Spells: 5/7 levels left

rFire   . . .      SeeInvis +   a - +1 dagger
rCold   . . .      Faith    .   (no shield)
rNeg    . . .      Spirit   .   b - +0 robe
rPois   .          Reflect  .   (helmet restricted)
rElec   .          Harm     .   (no cloak)
rCorr   .          Rampage  .   (gloves unavailable)
Will    .....                   (boots unavailable)
Stlth   +++.......              (no amulet)
HPRegen 0.04/turn               e - ring of magical power
MPRegen 0.15/turn               (no ring)

@: very quick
A: very small, no large weapons, unfitting armour, see invisible, speed 3
a: no special abilities


You were on level 2 of the Dungeon.
You visited 1 branch of the dungeon, and saw 2 of its levels.

You collected 76 gold pieces.

Inventory:

Hand Weapons
 a - a +1 dagger (weapon)
Armour
 b - a +0 robe (worn)
Jewellery
 e - a ring of magical power (left hand)
Scrolls
 f - a scroll of summoning {unknown}
 h - a scroll of identify {unknown}
Potions
 c - a potion of invisibility
 d - 2 potions of curing {unknown}
 g - a potion of flight {unknown}


   Skills:
 * Level 1.2 Short Blades
 * Level 2.9 Dodging
 * Level 5.3 Stealth
 * Level 3.1 Spellcasting
 * Level 4.0 Hexes


You had 5 spell levels left.
You knew the following spells:

 Your Spells              Type           Power      Damage    Failure   Level
a - Ensorcelled Hibernat  Hex/Ice        18%        N/A       12%         2

Your spell library contained the following spells:

 Spells                   Type           Power      Damage    Failure   Level
 Confusing Touch          Hex            15%        N/A       11%         3
 Tukima's Dance           Hex            15%        N/A       11%         3
 Dazzling Flash           Conj/Hex       16%        N/A       24%         3


Dungeon Overview and Level Annotations

Branches:
Dungeon (2/15)

Altars:

Annotations:
D:2 Terence


Innate Abilities, Weirdness & Mutations

You are very small and have problems with some larger weapons.
You are too small for most types of armour.
You have supernaturally acute eyesight. (SInv)
You cover ground extremely quickly. (Speed+++)


Message History

The hobgoblin misses you.
The hobgoblin resists with significant effort.
The hobgoblin closely misses you.
You completely miss the hobgoblin.
The hobgoblin is almost dead.
The hobgoblin resists with significant effort.
The hobgoblin hits you.
The hobgoblin resists with significant effort.
The hobgoblin closely misses you.
The hobgoblin looks drowsy...
The helpless hobgoblin fails to defend itself.
You puncture the hobgoblin!
You kill the hobgoblin!
Your magical contamination has completely faded away.
You now have 76 gold pieces (gained 17).
Terence the Incautious comes into view.
He is wielding a +1 mace of protection.
Terence is nearby!
Terence is nearby!
Terence shouts!
You closely miss Terence.
Terence hits you with a +1 mace of protection!
Ouch! That really hurt!
You are too injured to fight recklessly!
You are too injured to fight recklessly!
Unknown command.
Terence is nearby!
Casting: Ensorcelled Hibernation (safe; 12% risk of failure)
Confirm with . or Enter, or press ? or * to list all spells.
Aiming: Ensorcelled Hibernation (safe; 12% risk of failure)
Press: ? - help, Shift-Dir - straight line, f - Terence
Aim: Terence, wielding a +1 mace of protection and wearing a +0 scale mail (chance to affect: 51%) Terence resists with some effort.
Casting: Ensorcelled Hibernation (safe; 12% risk of failure)
Confirm with . or Enter, or press ? or * to list all spells.
Aiming: Ensorcelled Hibernation (safe; 12% risk of failure)
Press: ? - help, Shift-Dir - straight line, f/p - Terence
Aim: Terence, wielding a +1 mace of protection and wearing a +0 scale mail (chance to affect: 51%) Terence resists with some effort.
Terence hits you with a +1 mace of protection.
You die...

##### #####...#
####...#.#.#
+.....†#@#...# .....
#...#@###.# .....
#...#.# ... .....
#...#.# ### ....#
#...#.# ....# #.....#
....##########<..####
............†.........
...)####.######.######
....####.# #.#


You could see Terence.

Vanquished Creatures
  An adder (D:2)
  A bat (D:2)
  An endoplasm (D:2)
  A giant cockroach (D:2)
  4 goblins
  2 hobgoblins (D:2)
  A quokka (D:2)
  4 ball pythons (D:2)
  2 kobolds (D:2)
  A rat (D:2)
18 creatures vanquished.

Notes
Turn   | Place    | Note
-------+----------+-------------------------------------------
     0 | D:1      | lordive the Spriggan Enchanter began the quest for the Orb.
     0 | D:1      | Reached XP level 1. HP: 9/9 MP: 5/5
   669 | D:2      | Reached XP level 2. HP: 13/13 MP: 6/6
   675 | D:2      | Learned a level 2 spell: Ensorcelled Hibernation
   717 | D:2      | Reached skill level 5 in Stealth
  1040 | D:2      | Noticed Terence
  1048 | D:2      | Slain by Terence

Illustrated notes

Levels and vault maps discovered:
D:1:      psy_arrival_dodecagon, layout_basic
D:2:      layout_basic, minmay_unequal, uniq_jessica, uniq_terence

Skill      XL: |  1  2 |
---------------+-------+-----
Stealth        | 5 |  5.3
Spellcasting   | 3 |  3.1
Hexes          | 4 |  4.0
Short Blades   | |  1.2
Dodging        | |  2.9

Action                   || total
-------------------------++-------
Melee: Dagger            ||    39
       Punch             ||     1
 Cast: Ensorcelled Hiber ||    14
 Stab: Sleeping          ||    15
Armor: Robe              ||     2
Dodge: Dodged            ||    46

Table legend: (Time is in decaauts)
 A = Elapsed time spent in this place.
 B = Non-inter-level travel time spent in this place.
 C = Inter-level travel time spent in this place.
 D = Time resting spent in this place.
 E = Time spent auto-exploring this place.
 F = Levels seen in this place.
 G = Mean time per level.
                   A        B        C        D        E       F      G
               +--------+--------+--------+--------+--------+-----+--------+
         Total |    958 |    957 |      1 |    238 |    591 |   2 |  479.0 |
       Dungeon |    958 |    957 |      1 |    238 |    591 |   2 |  479.0 |
               +--------+--------+--------+--------+--------+-----+--------+

Top non-repeatable levels by time:
     D:2: 899 daAuts
     D:1: 58 daAuts
